 Dungeon Crawl Stone Soup version 0.30-a0-672-gc3a7216ad8 (webtiles) character file.

Game seed: 9434315358986151094

1780 bmack86 the Cleaver (level 8, -15/71 HPs)
             Began as a Minotaur Fighter on Jan 18, 2023.
             Was a Follower of Okawaru.
             Demolished by an orc warlord
             ... wielding a +6 executioner's axe
              (31 damage)
             ... in a bailey.
             The game lasted 00:22:34 (5997 turns).

bmack86 the Cleaver (Minotaur Fighter)              Turns: 5997, Time: 00:22:35

Health: -15/71     AC: 19    Str: 23    XL:     8   Next: 81%
Magic:  7/8        EV:  6    Int:  5    God:    Okawaru [*.....]
Gold:   420        SH:  5    Dex: 10    Spells: 7/7 levels left

rFire   . . .      SeeInvis +    a - +0 war axe
rCold   + . .      Faith    +    c - +0 buckler
rNeg    . . .      Spirit   .    l - +0 plate armour
rPois   .          Reflect  .    D - +1 hat {SInv}
rElec   .          Harm     .    p - +0 cloak
rCorr   +          Rampage  .    w - +0 pair of gloves
Will    .....                    s - +2 pair of boots Stlth
                                 i - amulet of faith
HPRegen 0.31/turn                e - ring of resist corrosion
MPRegen 0.11/turn                u - ring of protection from cold

@: hasted, very quick
A: horns 2, retaliatory headbutt
a: Renounce Religion, Heroism


You were in a bailey.
You worshipped Okawaru.
Okawaru was aware of your devotion.
You visited 2 branches of the dungeon, and saw 8 of its levels.
You also visited: Bailey.

You collected 492 gold pieces.
You spent 72 gold pieces at shops.

Inventory:

Hand Weapons
 a - a +0 war axe (weapon)
 A - a +0 war axe
Missiles
 m - 2 throwing nets
 B - 9 boomerangs (quivered)
 C - 4 curare-tipped darts
Armour
 c - a +0 buckler (worn)
 l - a +0 plate armour (worn)
 p - a +0 cloak (worn)
 s - a +2 pair of boots (worn)
 w - a +0 pair of gloves (worn)
 D - a +1 hat of see invisible (worn)
Jewellery
 e - a ring of resist corrosion (left hand)
 i - an amulet of faith (around neck)
 n - a ring of protection from fire
 u - a ring of protection from cold (right hand)
Wands
 h - a wand of polymorph (2)
 y - a wand of charming (21)
Scrolls
 b - 3 scrolls of teleportation
 d - a scroll of blinking {unknown}
 k - 2 scrolls of fog
 z - 2 scrolls of enchant weapon {unknown}
 G - a scroll of butterflies {unknown}
 H - a scroll of fear {unknown}
Potions
 f - a potion of berserk rage
 g - 6 potions of curing
 j - a potion of cancellation
 o - 2 potions of brilliance
 q - 2 potions of resistance
 t - 3 potions of lignification
 v - a potion of ambrosia
 x - a potion of attraction {unknown}
 E - a potion of haste
 F - 3 potions of mutation


   Skills:
 + Level 6.7 Fighting
 * Level 8.5 Axes
 + Level 2.9 Throwing
 + Level 6.7 Armour
 + Level 6.8 Shields
 + Level 1.7 Invocations


You had 7 spell levels left.
You didn't know any spells.
Your spell library contained the following spells:

 Spells                   Type           Power      Damage    Failure   Level
 Slow                     Hex            0%         N/A       100%        1
 Confusing Touch          Hex            0%         N/A       100%        3
 Vampiric Draining        Necr           0%         2d6       100%        3
 Airstrike                Air            0%         2d(0-16)  100%        4
 Lightning Bolt           Conj/Air       0%         1d11      100%        5
 Summon Lightning Spire   Summ/Air       Unusable   N/A       N/A         4

Dungeon Overview and Level Annotations

Branches:
Dungeon (7/15)             Temple (1/1) D:6          Bailey (1/1)

Altars:
Cheibriados
Elyvilon
Fedhas
Gozag
Hepliaklqana
Kikubaaqudgha
Makhleb
Nemelex Xobeh
Okawaru
Qazlal
Sif Muna
Uskayaw
Wu Jian
Xom
Zin
The Shining One

Shops:
D:4 ?

Annotations:
D:5 2 runed translucent doors


Innate Abilities, Weirdness & Mutations

You have a pair of horns on your head.
You reflexively headbutt those who attack you in melee.


Message History

* * * LOW HITPOINT WARNING * * *
You hit the orc warlord but do no damage.
You headbutt the orc warlord, but do no damage.
The orc warlord is moderately wounded.
The orc warlord hits you with a +6 executioner's axe.
* * * LOW HITPOINT WARNING * * *
You hit the orc warlord but do no damage.
The orc warlord is moderately wounded.
You feel much better.
The orc warlord hits you with a +6 executioner's axe!
* * * LOW HITPOINT WARNING * * *
You hit the orc warlord.
The orc warlord is moderately wounded.
You barely miss the orc warlord.
You headbutt the orc warlord, but do no damage.
The orc warlord is moderately wounded.
The orc warlord hits you but does no damage.
You slash the orc warlord! Your headbutt misses the orc warlord.
The orc warlord is heavily wounded.
You slash the orc warlord!
The orc warlord is heavily wounded.
The orc warlord hits you with a +6 executioner's axe!
* * * LOW HITPOINT WARNING * * *
You slash the orc warlord!
The orc warlord is severely wounded.
You feel much better.
The orc warlord hits you with a +6 executioner's axe!
* * * LOW HITPOINT WARNING * * *
Okay, then.
You hit the orc warlord. You headbutt the orc warlord.
The orc warlord is severely wounded.
The orc warlord hits you but does no damage.
You hit the orc warlord.
You headbutt the orc warlord, but do no damage.
The orc warlord is severely wounded.
You feel like a meek peon again.
You closely miss the orc warlord.
The orc warlord is severely wounded.
The orc warlord hits you with a +6 executioner's axe!!
You die...

♣∩...~~~.#~....∩....~#.~~~...∩
♣♣...~~~.# .........~#.~~~...♣
♣...~~~.# ~.8...8.~ #.~~~...♣
♣♣..###'###.......###'###..♣♣
♣.##....#~.8...8.~#....##.♣
♣##...))#~~~~~~~~~#.....##♣
##......####~~~####......##
#...8......#o''#......8...#
#...........@.............#
#.........................#
##..8..8...........8..8..##
##.......#######.......##
##.....## ##.....## ##...##
##...## ##### #####


You could see an orc warlord.

Vanquished Creatures
  An orc knight (Bailey)
  A sky beast (D:6)
  3 ice beasts
  An orc warrior (Bailey)
  A black bear (D:6)
  A bullfrog (D:7)
  2 scorpions
  5 jellies
  3 hounds
  5 iguanas
  An orc wizard (D:5)
  5 gnolls
  6 adders
  A shadow imp (D:4)
  2 ufetubi (D:5)
  A worm (D:2)
  4 dart slugs
  16 orcs
  3 endoplasms
  5 giant cockroaches
  11 goblins
  10 hobgoblins
  6 jackals (D:1)
  13 kobolds
  A quokka (D:4)
  2 ball pythons (D:2)
  3 bats
  4 frilled lizards
  6 rats
123 creatures vanquished.

Vanquished Creatures (others)
  5 plants (D:5)
5 creatures vanquished.

Grand Total: 128 creatures vanquished

Notes
Turn   | Place    | Note
-------+----------+-------------------------------------------
     0 | D:1      | bmack86 the Minotaur Fighter began the quest for the Orb.
     0 | D:1      | Reached XP level 1. HP: 19/19 MP: 0/0
   141 | D:1      | Reached XP level 2. HP: 27/27 MP: 1/1
   212 | D:1      | Reached skill level 3 in Axes
   310 | D:1      | Found a faded altar of an unknown god.
   488 | D:1      | Reached XP level 3. HP: 33/33 MP: 2/2
   805 | D:2      | Found a sparkling altar of Nemelex Xobeh.
   935 | D:2      | Found Val Usau's Distillery.
  1037 | D:2      | Reached XP level 4. HP: 18/40 MP: 3/3
  1240 | D:2      | Reached skill level 4 in Axes
  2062 | D:3      | You fall into a shaft and drop 3 floors!
  2069 | D:6      | Reached XP level 5. HP: 45/47 MP: 4/4
  2136 | D:6      | Found a burning altar of Makhleb.
  2270 | D:6      | Noticed a black bear
  2275 | D:6      | Killed a black bear
  2276 | D:6      | Reached skill level 5 in Axes
  2276 | D:6      | Reached XP level 6. HP: 55/55 MP: 5/5
  2319 | D:6      | Reached skill level 5 in Fighting
  2319 | D:6      | Reached skill level 5 in Shields
  2355 | D:6      | Noticed an ice beast
  2365 | D:5      | Entered Level 5 of the Dungeon
  2367 | D:5      | Killed an ice beast
  2368 | D:5      | Reached skill level 5 in Armour
  2372 | D:5      | Reached skill level 6 in Axes
  2414 | D:5      | Reached XP level 7. HP: 48/61 MP: 6/6
  3773 | D:4      | Found Imulita's Magic Scroll Emporium.
  3780 | D:4      | Bought 3 scrolls of identify for 72 gold pieces
  3959 | D:4      | Found a stormy altar of Qazlal.
  4174 | D:5      | Found a sparkling altar of Nemelex Xobeh.
  4174 | D:5      | Found an opulent altar of Gozag.
  4377 | D:5      | Reached skill level 1 in Throwing
  4615 | D:5      | Found a large runed translucent door.
  4615 | D:5      | Found a large runed translucent door.
  4618 | D:5      | Found a shimmering altar of Xom.
  4640 | D:5      | Reached skill level 7 in Axes
  4804 | D:6      | Reached XP level 8. HP: 53/70 MP: 7/7
  5003 | D:6      | Found a staircase to the Ecumenical Temple.
  5016 | Temple   | Entered the Ecumenical Temple
  5386 | Temple   | Became a worshipper of Warmaster Okawaru
  5632 | D:7      | Found a flagged portal.
  5645 | Bailey   | Entered a bailey
  5658 | Bailey   | Noticed an orc warlord
  5701 | Bailey   | Noticed an orc knight
  5712 | Bailey   | Killed an orc knight
  5712 | Bailey   | Reached * piety under Okawaru
  5713 | Bailey   | Reached skill level 8 in Axes
  5713 | Bailey   | Reached skill level 1 in Invocations
  5915 | Bailey   | Found a runed translucent gate.
  5916 | Bailey   | Found a runed translucent gate.
  5917 | Bailey   | Found a runed translucent gate.
  5945 | Bailey   | Acquired a +1 hat of see invisible
  5997 | Bailey   | Demolished by an orc warlord

Illustrated notes

Levels and vault maps discovered:
D:1:      dpeg_arrival_long_road, layout_basic,
          hellmonk_ecumenical_altar_lost_god
D:2:      layout_rooms, basic_altar, serial_co_window_serial,
          co_window_corner_a, co_window_paths_a, co_window_paths_b,
          co_window_paths_a, co_window_corner_a, co_window_paths_b,
          co_window_corner_a, co_window_corner_ca, co_window_broadway_c,
          co_window_corner_cb, co_window_2corner, co_window_paths_e,
          glass_columns_a, serial_shops, shop, chequers_serial_rivers_small_3,
          minmay_quantized
D:3:      layout_basic, amcnicky_mini_rare_corridor_liquid,
          roderic_three_in_a_row, hangedman_decor_lopped
D:4:      layout_loops_corners, mainiacjoe_overflow_tiny_flanked, serial_shops,
          shop, minmay_between
D:5:      due_chaos_kobolds, layout_rooms, grunt_temple_overflow_opulence,
          grunt_ministairs_8, serial_bayou_pond_a, minmay_liquid_box
D:6:      layout_cave_pods, mainiacjoe_overflow_catwalk,
          minmay_temple_entry_tees
D:7:      minmay_the_grid_octo_tiled_squarecenter
          [minmay_the_grid_octo_vomiting_pacman, minmay_the_grid_octo_shrine,
          minmay_the_grid_octo_tetromino_candy,
          minmay_the_grid_octo_checkerflower,
          minmay_the_grid_square_5x5_megaprize_checkered,
          minmay_the_grid_square_5x5_lines, minmay_the_grid_square_5x5_comb,
          minmay_the_grid_square_5x5_n, minmay_the_grid_square_5x5_n_small],
          layout_gridville, enter_bailey_7, hellmonk_guarded_unrand_hermit
Temple:   nicolae_temple_bog_church
Bailey:   bailey_axe_bossmonster_kennysheep, bailey

Skill      XL: |  1  2  3  4  5  6  7  8 |
---------------+-------------------------+-----
Axes           | 3 4 5 6 7 8 |  8.5
Armour         | 4 5 6 |  6.7
Fighting       | 4 5 6 |  6.7
Shields        | 4 5 6 |  6.8
Throwing       | 1 2 |  2.9
Invocations    | 1 |  1.7

Action                   |  1- 3 |  4- 6 |  7- 9 || total
-------------------------+-------+-------+-------++-------
Melee: War axe           |    73 |    63 |   202 ||   338
       Headbutt          |     9 |    12 |    44 ||    65
Throw: Boomerang         |       |       |     3 ||     3
Invok: Heroism           |       |       |     1 ||     1
  Use: Scroll            |     2 |     1 |    15 ||    18
       Potion            |       |     1 |     4 ||     5
Armor: Scale mail        |    29 |       |       ||    29
       Chain mail        |     1 |       |       ||     1
       Plate armour      |    31 |    41 |   136 ||   208
Dodge: Dodged            |    46 |    25 |    47 ||   118
Block: Buckler           |    27 |    17 |    59 ||   103

Table legend: (Time is in decaauts)
 A = Elapsed time spent in this place.
 B = Non-inter-level travel time spent in this place.
 C = Inter-level travel time spent in this place.
 D = Time resting spent in this place.
 E = Time spent auto-exploring this place.
 F = Levels seen in this place.
 G = Mean time per level.
                   A        B        C        D        E       F      G
               +--------+--------+--------+--------+--------+-----+--------+
         Total |   6080 |   5837 |    243 |    102 |   3312 |   9 |  675.6 |
       Dungeon |   5590 |   5355 |    235 |      6 |   3251 |   7 |  798.6 |
        Temple |    144 |    136 |      8 |      0 |     58 |   1 |  144.0 |
        Bailey |    346 |    346 |      0 |     96 |      3 |   1 |  346.0 |
               +--------+--------+--------+--------+--------+-----+--------+

Top non-repeatable levels by time:
     D:2: 1187 daAuts
     D:6: 1018 daAuts
     D:4: 910 daAuts
     D:3: 901 daAuts
     D:1: 822 daAuts
     D:5: 679 daAuts
  Bailey: 346 daAuts
  Temple: 144 daAuts
     D:7: 69 daAuts
